 Dungeon Sprint DCSS version 0.21.2 (webtiles) character file.

1348 Fang the Cleaver (level 8, -5/100 HPs)
             Began as a Demonspawn Assassin on Dec 19, 2018.
             Was a High Priest of Trog.
             Slain by a frost giant
             ... wielding a +4 halberd of venom
              (26 damage)
             ... in the Dungeon (Sprint VII: "The Pits").
             The game lasted 00:02:38 (1407 turns).

Fang the Cleaver (Demonspawn Assassin)              Turns: 1407, Time: 00:02:39

Health: -5/100     AC: 17    Str: 19    XL:     8   Next: 36%
Magic:  0/8        EV: 13    Int: 15    God:    Trog [*****.]
Gold:   0          SH:  0    Dex: 15    Spells: 7/7 levels left

rFire    . . .     SeeInvis .   s - +1 hand axe (chop)
rCold    + . .     Gourm    .   (no shield)
rNeg     . . .     Faith    .   y - +4 scale mail
rPois    .         Spirit   +   (no helmet)
rElec    .         Reflect  .   d - +0 cloak
rCorr    .         Harm     .   (no gloves)
MR       .....     NoTele   +   (no boots)
Stlth    ..........             (no amulet)
HPRegen  0.26/turn              t - +3 ring of protection
MPRegen  0.22/turn              v - +3 ring of intelligence

@: berserking (expiring), lethally poisoned (-5 -> -77), very quick
A: icy blue scales 1, cold resistance 1, magic shield, magic regeneration,
freezing cloud immunity
a: Berserk, Trog's Hand, Brothers in Arms, Burn Spellbooks, Renounce Religion


You were in the Dungeon.
You worshipped Trog.
Trog was extremely pleased with you.
You were very hungry.

You visited 1 branch

Inventory:

Hand Weapons
 a - a +2 dagger
 b - a +0 blowgun
 s - a +1 hand axe of chopping (weapon)
 x - a +1 broad axe of freezing
Missiles
 e - 8 poisoned needles
 f - 2 curare-tipped needles
Armour
 d - a +0 cloak (worn)
 y - a +4 scale mail (worn)
Jewellery
 t - a +3 ring of protection (left hand)
 v - a +3 ring of intelligence (right hand)
Scrolls
 m - a scroll of blinking
 o - 3 scrolls of remove curse
 p - a scroll of summoning
Potions
 h - 7 potions of curing
 i - 10 potions of heal wounds
 j - a potion of haste
 k - 4 potions of magic
 l - 3 potions of berserk rage
 n - 2 potions of invisibility
 u - a potion of might
 w - 2 potions of brilliance
Comestibles
 g - 8 rations


   Skills:
 + Level 7.4 Fighting
 + Level 3.0 Short Blades
 + Level 10.8 Axes
 + Level 2.6 Throwing
 + Level 5.1 Armour
 + Level 5.7 Dodging
 + Level 9.2 Stealth


You had 7 spell levels left.
You didn't know any spells.

Dungeon Overview and Level Annotations

Branches:
Dungeon (1/1)

Altars:
Ashenzari
Cheibriados
Dithmenos
Elyvilon
Fedhas
Gozag
Hepliaklqana
Kikubaaqudgha
Makhleb
Nemelex Xobeh
Okawaru
Qazlal
Ru
Sif Muna
Trog
Uskayaw
Vehumet
Wu Jian
Xom
Yredelemnul
Zin
The Shining One
Beogh
Jiyva
Lugonu


Innate Abilities, Weirdness & Mutations

You are partially covered in icy blue scales. (AC +2)
Your flesh is cold resistant. (rC+)
When hurt, damage is shared between your health and your magic reserves.
You regenerate magic rapidly.
You are immune to freezing clouds.


Message History

The deep elf death mage is heavily wounded.
You feel sick.
The deep elf death mage hits you but does no damage.
You slash the deep elf death mage!
The deep elf death mage is severely wounded.
You feel very sick.
The frost giant hits you from afar with a +4 halberd of venom.
* * * LOW HITPOINT WARNING * * *
You are more poisoned.
You slash the deep elf death mage!
The deep elf death mage is almost dead.
* * * LOW HITPOINT WARNING * * *
You feel very sick.
The deep elf death mage closely misses you.
You hit the deep elf death mage.
The deep elf death mage is almost dead.
* * * LOW HITPOINT WARNING * * *
You feel sick.
The frost giant hits you from afar with a +4 halberd of venom!!
You die...

..........''..........
########..##..#....#..
#..##..........
#..##..........
#..####''####++
#..####''###
#..##......#
############..##.#+##.#
..............##@# .#
..............##.eEs# #
###''###########.#C%+
###''###### #.')%#
..........# #.# +#
#..#......# #..
..........+ ###
..........+ #..#......#


You could see a frost giant, a deep elf death mage, an earth elemental and a
redback.

Vanquished Creatures
  A hellwing (D)
  2 redbacks (D)
  A ynoxinul (D)
  A porcupine (D)
  2 floating eyes (D)
  A black bear (D)
  A gnoll sergeant (D)
  An orc wizard (D)
  An iron imp (D)
  An iguana (D)
  A worker ant (D)
  A mummy (D)
  4 gnolls (D)
  An adder (D)
  A river rat (D)
  An ufetubus (D)
  2 orcs (D)
  2 goblins (D)
  5 jackals (D)
  A quokka (D)
  A ball python (D)
  A bat (D)
  2 frilled lizards (D)
  A rat (D)
36 creatures vanquished.

Notes
Turn   | Place    | Note
-------+----------+-------------------------------------------
     0 | D        | Fang the Demonspawn Assassin began the quest for the Orb.
     0 | D        | Reached XP level 1. HP: 16/16 MP: 1/1
    34 | D        | Found a bloodstained altar of Trog.
    34 | D        | Found a deep blue altar of Sif Muna.
    34 | D        | Found a viscous altar of Jiyva.
    34 | D        | Found a hazy altar of Hepliaklqana.
    34 | D        | Found an opulent altar of Gozag.
    35 | D        | Found a glowing golden altar of the Shining One.
    35 | D        | Found a glowing silver altar of Zin.
    35 | D        | Found a basalt altar of Yredelemnul.
    35 | D        | Found a shimmering altar of Xom.
    35 | D        | Found an ornate altar of the Wu Jian Council.
    35 | D        | Found a sacrificial altar of Ru.
    35 | D        | Found a stormy altar of Qazlal.
    35 | D        | Found an iron altar of Okawaru.
    35 | D        | Found a sparkling altar of Nemelex Xobeh.
    35 | D        | Found a burning altar of Makhleb.
    35 | D        | Found a blossoming altar of Fedhas.
    35 | D        | Found a white marble altar of Elyvilon.
    35 | D        | Found a shadowy altar of Dithmenos.
    35 | D        | Found a snail-covered altar of Cheibriados.
    37 | D        | Found a radiant altar of Vehumet.
    37 | D        | Found a corrupted altar of Lugonu.
    37 | D        | Found a roughly hewn altar of Beogh.
    39 | D        | Became a worshipper of Trog the Wrathful
    82 | D        | Reached skill level 1 in Dodging
    85 | D        | Reached * piety under Trog
   191 | D        | Reached ** piety under Trog
   191 | D        | Reached skill level 1 in Axes
   191 | D        | Reached skill level 5 in Stealth
   191 | D        | Gained mutation: When hurt, damage is shared between your health and your magic reserves. [demonic ancestry]
   191 | D        | Reached XP level 2. HP: 5/23 MP: 2/2
   445 | D        | Noticed a floating eye
   448 | D        | Noticed a floating eye
   450 | D        | Paralysed by a floating eye for 4 turns
   456 | D        | Paralysed by a floating eye for 4 turns
   462 | D        | Paralysed by a floating eye for 4 turns
   466 | D        | Killed a floating eye
   466 | D        | Reached *** piety under Trog
   466 | D        | Reached skill level 4 in Axes
   466 | D        | Gained mutation: Your flesh is cold resistant. (rC+) [demonic ancestry]
   466 | D        | Reached XP level 3. HP: 24/30 MP: 3/3
   466 | D        | Gained mutation: You regenerate magic rapidly. [demonic ancestry]
   466 | D        | Reached XP level 4. HP: 30/37 MP: 4/4
   466 | D        | Killed a floating eye
   466 | D        | Reached skill level 5 in Axes
   466 | D        | Reached XP level 5. HP: 35/43 MP: 5/5
   592 | D        | Noticed a black bear
   597 | D        | Reached **** piety under Trog
   597 | D        | Reached skill level 6 in Axes
   601 | D        | Killed a black bear
   601 | D        | Reached skill level 5 in Fighting
   601 | D        | Reached skill level 7 in Axes
   601 | D        | Reached XP level 6. HP: 51/51 MP: 6/6
   602 | D        | Received a gift from Trog
   606 | D        | Received a gift from Trog
   699 | D        | Reached ***** piety under Trog
   699 | D        | Reached skill level 1 in Armour
   754 | D        | Noticed a ynoxinul
   759 | D        | Killed a ynoxinul
   759 | D        | Reached skill level 8 in Axes
   759 | D        | Gained mutation: You are partially covered in icy blue scales. (AC +2) [demonic ancestry]
   759 | D        | Reached XP level 7. HP: 58/58 MP: 5/7
   813 | D        | Received a gift from Trog
   813 | D        | Reached skill level 9 in Axes
   813 | D        | Reached skill level 5 in Dodging
   817 | D        | HP: 2/88 [mummy (11)]
  1114 | D        | Noticed a hellwing
  1133 | D        | Killed a hellwing
  1133 | D        | Reached skill level 10 in Axes
  1136 | D        | Gained mutation: You are immune to freezing clouds. [demonic ancestry]
  1136 | D        | Reached XP level 8. HP: 57/65 MP: 5/8
  1139 | D        | Received a gift from Trog
  1333 | D        | Found a hide-covered altar of Uskayaw.
  1333 | D        | Found an ancient bone altar of Kikubaaqudgha.
  1333 | D        | Found a shattered altar of Ashenzari.
  1393 | D        | Noticed a deep elf death mage
  1393 | D        | Noticed a frost giant
  1400 | D        | Received a gift from Trog
  1400 | D        | Reached skill level 5 in Armour
  1407 | D        | Slain by a frost giant

Skill      XL: |  1  2  3  4  5  6  7  8 |
---------------+-------------------------+-----
Dodging        | 1 2 3 4 5 |  5.7
Stealth        | 5 7 8 9 |  9.2
Short Blades   | 2 3 |  3.0
Axes           | 1 4 5 7 8 10 | 10.8
Throwing       | 2 |  2.6
Fighting       | 3 4 5 6 7 |  7.4
Armour         | 2 4 5 |  5.1

Action                   |  1- 3 |  4- 6 |  7- 9 || total
-------------------------+-------+-------+-------++-------
Melee: Hand axe          |    32 |    31 |    47 ||   110
       Dagger            |     3 |       |       ||     3
Invok: Berserk           |       |     2 |     3 ||     5
  Use: Potion            |     1 |       |       ||     1
 Stab: Sleeping          |     2 |       |       ||     2
  Eat: Chunk             |       |     1 |     1 ||     2
       Ration            |       |       |     1 ||     1
Armor: Robe              |    20 |       |       ||    20
       Chain mail        |       |     7 |    21 ||    28
       Scale mail        |       |       |     5 ||     5
Dodge: Dodged            |    26 |     8 |    22 ||    56
